Map: Jar Graystone

Players

BİLL - Winner!

  • Race: Terran Terran
  • Spawn Location: 5:00

cactushero - Winner!

  • Race: Terran Terran
  • Spawn Location: 3:00

Gracz

  • Race: Terran Terran
  • Spawn Location: 9:00

Aninex

  • Race: Protoss Protoss
  • Spawn Location: 11:00

VOD

Have the link to the VOD?

Description

Time

  • Played on: March 4, 2016, 2:05 p.m.
  • Length: 11:24
Show
View Real Time Build Order
Export as new Build Order

BİLL Terran - Winner!

Build Orders:  

Get SALT Encoding   

  12  0:33  SCV  
  13  0:36  Supply Depot  
  13  0:45  SCV  
  13  0:47  Supply Depot  
  14  0:50  Supply Depot  
  14  0:58  SCV  
  15  1:10  SCV  
  16  1:38  Barracks  
  16  1:48  Barracks  
  16  1:50  Refinery  
  16  1:54  Engineering Bay  
  16  2:00  Barracks, SCV  
  17  2:12  SCV  
  18  2:28  Orbital Command  
  18  2:29  Missile Turret  
  18  2:47  Barracks Reactor  
  18  4:32  SCV  
  19  4:44  SCV  
  20  4:55  Refinery  
  20  4:56  SCV  
  21  5:09  SCV  
  22  5:48  SCV  
  22  5:49  Command Center  
  23  6:01  SCV  
  24  8:14  Orbital Command  
Show
View Real Time Build Order
Export as new Build Order

cactushero Terran - Winner!

Build Orders: Reaper Expand, Bio Tank 

Get SALT Encoding   

  12  0:01  SCV  
  13  0:13  SCV  
  14  0:18  Supply Depot  
  14  0:25  SCV  
  15  0:40  SCV  
  15  0:41  Barracks  
  16  0:51  Refinery  
  16  0:52  SCV  
  18  1:04  SCV  
  18  1:16  SCV  
  19  1:30  Orbital Command  
  19  1:34  Reaper  
  19  1:39  Command Center  
  20  1:51  Supply Depot  
  20  1:57  SCV  
  21  2:06  Marine  
  21  2:07  Barracks  
  22  2:12  SCV  
  23  2:20  Factory  
  23  2:24  Marine, SCV  
  25  2:40  SCV  
  25  2:42  Bunker, Marine  
  28  2:52  Orbital Command  
  28  2:55  SCV  
  28  2:58  Refinery  
  28  3:00  Barracks Reactor  
  28  3:05  Factory Tech Lab  
  28  3:06  Barracks Tech Lab  
  28  3:07  SCV  
  29  3:18  SCV  
  29  3:19  SCV  
  31  3:24  Supply Depot  
  31  3:30  SCV  
  32  3:40  SCV  
  32  3:41  Marine x2, Siege Tank  
  36  3:42  Marine, SCV  
  36  3:43  Stimpack  
  40  3:52  Starport  
  40  3:53  SCV  
  40  3:55  SCV  
  42  4:03  Supply Depot  
  42  4:04  Supply Depot  
  42  4:10  Barracks x2  
  42  4:12  Barracks  
  42  4:13  Engineering Bay, SCV x2  
  42  4:14  Engineering Bay  
  44  4:25  SCV  
  44  4:26  SCV  
  44  4:30  Refinery  
  46  4:32  Refinery  
  46  4:38  Starport Reactor, SCV x2  
  48  4:39  Marine  
  48  4:40  Marine  
  50  4:50  Terran Infantry Armor Level 1, Terran Infantry Weapons Level 1  
  50  4:53  Armory  
  50  4:58  Barracks Reactor  
  50  4:59  Barracks Reactor  
  50  5:00  Barracks Reactor  
  50  5:01  Marine, Siege Tank  
  50  5:02  Marine x2  
  50  5:05  SCV x2  
  58  5:09  Supply Depot  
  58  5:10  Supply Depot  
  58  5:11  Missile Turret  
  58  5:14  Missile Turret  
  58  5:17  SCV x2  
  58  5:19  Marine x2  
  62  5:23  Medivac x2  
  66  5:29  SCV x2  
  66  5:35  Supply Depot  
  68  5:36  Supply Depot  
  68  5:41  Supply Depot, SCV x2  
  68  5:42  Marine x4, Supply Depot, Siege Tank  
  76  5:43  Marine x3  
  80  5:54  Terran Vehicle Weapons Level 1  
  80  5:55  Supply Depot  
  80  6:11  Combat Shields, Marine x2  
  80  6:12  Marine  
  80  6:13  Medivac x2  
  80  6:14  Marine x4, Siege Tank  
  80  6:17  SCV x2  
  96  6:22  Supply Depot x2  
  96  6:25  Supply Depot  
  96  6:27  Supply Depot  
  96  6:30  Marine x3  
  96  6:31  Marine x2  
  96  6:32  Marine x3  
  104  6:42  Medivac  
  104  6:43  Medivac  
  104  6:46  Siege Tank  
  109  6:52  Marine  
  110  6:56  Marine  
  110  6:57  Marine x5  
  110  6:58  Marine  
  117  7:12  Terran Infantry Weapons Level 2  
  117  7:13  Marine, Terran Infantry Armor Level 2  
  117  7:15  Medivac x2  
  122  7:18  Siege Tank  
  125  7:25  Marine x6  
  131  7:33  Supply Depot x2  
  131  7:34  Supply Depot  
  131  7:36  Supply Depot x2  
  131  7:41  Marine  
  131  7:43  Marine x3  
  135  7:45  Medivac x2  
  135  7:50  Siege Tank  
  135  7:51  Terran Vehicle Weapons Level 2  
  142  7:59  Barracks  
  142  8:03  Barracks  
  142  8:06  Marine  
  142  8:07  Marine x4  
  147  8:28  Viking x2  
  151  8:37  Factory, Barracks  
  151  8:38  Starport  
  151  8:52  Barracks Reactor  
  151  9:11  Marine x5  
  151  9:12  Viking x2  
  160  9:23  Factory Tech Lab  
  160  9:24  Command Center  
  160  9:27  Barracks Reactor  
  160  9:34  Starport Reactor  
  160  9:45  Marine x3  
  161  9:46  Marine x3, Siege Tank  
  161  9:47  Medivac x2, Siege Tank  
  176  10:17  Medivac  
  178  10:22  Command Center  
  178  10:36  Viking x3  
  184  10:43  Orbital Command  
  184  10:46  Missile Turret  
  184  10:48  Marine x2  
  184  10:49  Viking  
  188  11:04  Marine x5  
Show
View Real Time Build Order
Export as new Build Order

Gracz Terran 

Build Orders:  

Get SALT Encoding   

  12  0:02  SCV  
  13  0:21  SCV  
  14  0:53  Supply Depot  
  14  1:07  Refinery  
  14  1:23  Barracks  
  14  1:29  Barracks  
  14  1:58  SCV  
  15  2:10  SCV  
  16  2:22  Barracks, SCV  
  17  2:25  Marine x2  
  17  2:59  SCV  
  18  3:06  Barracks Reactor  
  18  3:09  Factory  
  18  3:11  SCV  
  19  3:51  Reaper x2  
  19  3:54  Factory Tech Lab  
  21  4:00  Orbital Command  
  21  4:07  Barracks Tech Lab  
  21  4:17  Refinery  
  21  4:33  Command Center  
  21  4:39  Refinery  
  21  4:43  Refinery  
  21  5:01  Supply Depot  
  21  5:04  SCV  
  22  5:23  Siege Tank  
  22  5:25  SCV  
  26  5:34  Factory  
  26  5:37  SCV  
  27  5:46  Barracks Reactor  
  27  5:47  Marine x2  
  29  5:58  Armory  
  29  6:01  Orbital Command  
  29  6:05  Marine x2  
  29  6:08  Command Center  
  31  6:15  SCV  
  32  6:20  Marauder  
  32  6:22  Concussive Shells  
  32  6:23  Reaper x2  
  36  6:29  SCV  
  37  6:34  Supply Depot  
  37  6:41  SCV  
  27  6:47  Marauder  
  27  6:48  Marine x2  
  27  6:51  Hellion  
  28  7:04  Starport  
  28  7:05  Marine  
  28  7:06  Marine, Reaper x2  
  23  7:25  Hellion  
  19  7:41  Orbital Command  
  19  7:42  Refinery  
  1  9:13  Orbital Command  
Show
View Real Time Build Order
Export as new Build Order

Aninex Protoss 

Build Orders:  

Get SALT Encoding   

  12  0:31  Probe (Chrono Boost)  
Tags
 
Add a new tag
Caveats
  • Supply blocks, unpowered buildings, or Contaminate may cause inaccurate times.
  • Supply counts are checked every 10 seconds.